| TOP OF THE 1ST |
|
Hagerstown Suns batting - Pitching for Kane County Cougars : RHP Eric Richards
|
|
Pitching: RHP Eric Richards
|
|
|
Batting: RHB Jon Metzler
|
0-0: Called Strike 0-1: Ball 1-1: SINGLE (Groundball, 56D, EV 96.3 MPH)
|
|
Batting: LHB Ben Montgomery
|
0-0: Called Strike 0-1: Called Strike 0-2: Ball 1-2: Ball 2-2: Strikes out swinging
|
|
Batting: RHB Kevin Wick
|
0-0: Called Strike 0-1: Foul Ball, location: 2F 0-2: Ball 1-2: Strikes out looking
|
|
Batting: RHB Justin Slifka
|
0-0: Ball 1-0: Swinging Strike 1-1: Foul Ball, location: 2F 1-2: Ball 2-2: Strikes out swinging
|
| Top of the 1st over - 0 runs, 1 hit, 0 errors, 1 left on base; Hagerstown 0 - Kane County 0 |
| BOTTOM OF THE 1ST |
|
Kane County Cougars batting - Pitching for Hagerstown Suns : RHP Jon Baily
|
|
Pitching: RHP Jon Baily
|
|
|
Batting: LHB Willie Gutierrez
|
0-0: Foul Ball, location: 2F 0-1: Ball 1-1: Ball 2-1: Swinging Strike 2-2: SINGLE (Groundball, 13, EV 71.9 MPH) (infield hit)
|
|
Batting: LHB T.J. Duvall
|
0-0: Ball 1-0: Ball 2-0: Called Strike Willie Gutierrez steals 2nd base 2-1: Ball 3-1: Base on Balls
|
|
Batting: RHB Marlon Reda
|
0-0: Grounds into double play, 6-4-3 (Groundball, 56, EV 95.0 MPH) Willie Gutierrez to third
|
|
Batting: RHB Matt Maxwell
|
0-0: Ball 1-0: Foul Ball, location: 2F 1-1: Ball 2-1: Ball 3-1: Base on Balls
|
|
Batting: RHB John Pena
|
0-0: Ball 1-0: Ball 2-0: Ball 3-0: Called Strike 3-1: Base on Balls Matt Maxwell to second
|
|
Batting: RHB Jake Hodge
|
0-0: Ball 1-0: Foul Ball, location: 2F 1-1: Ball 2-1: Fielders Choice at 2nd, 5-4 (Groundball, 56, EV 103.1 MPH)
|
| Bottom of the 1st over - 0 runs, 1 hit, 0 errors, 3 left on base; Hagerstown 0 - Kane County 0 |
| TOP OF THE 2ND |
|
Hagerstown Suns batting - Pitching for Kane County Cougars : RHP Eric Richards
|
|
Batting: LHB Rich Hannus
|
0-0: Ball 1-0: Foul Ball, location: 2F 1-1: Ball 2-1: Foul Ball, location: 2F 2-2: Foul Ball, location: 2F 2-2: Strikes out swinging
|
|
Batting: RHB Joe Young
|
0-0: Ball 1-0: Foul Ball, location: 2F 1-1: Ball 2-1: Ball 3-1: Foul Ball, location: 2F 3-2: Base on Balls
|
|
Batting: RHB Tony Madrigal
|
0-0: Ball 1-0: Foul Ball, location: 2F 1-1: Called Strike 1-2: Ball 2-2: Fielders Choice at 2nd, 5-4 (Groundball, 56, EV 104.4 MPH)
|
|
Batting: RHB Bobby Dieter
|
0-0: Foul Ball, location: 2F 0-1: Swinging Strike 0-2: Foul Ball, location: 2F 0-2: Foul Ball, location: 2F 0-2: Foul Ball, location: 2F 0-2: Strikes out looking
|
| Top of the 2nd over - 0 runs, 0 hits, 0 errors, 1 left on base; Hagerstown 0 - Kane County 0 |
| BOTTOM OF THE 2ND |
|
Kane County Cougars batting - Pitching for Hagerstown Suns : RHP Jon Baily
|
|
Batting: LHB Brian Nielsen
|
0-0: Ball 1-0: Ball 2-0: Ground out 4-3 (Groundball, 4, EV 83.1 MPH)
|
|
Batting: RHB Jason Rivers
|
0-0: Ball 1-0: Ball 2-0: DOUBLE (Line Drive, 7LS, EV 101.3 MPH)
|
|
Batting: RHB Mike Persinger
|
0-0: Swinging Strike 0-1: Ground out 6-3 (Groundball, 56, EV 106.9 MPH)
|
|
Batting: LHB Willie Gutierrez
|
0-0: Ball 1-0: Foul Ball, location: 2F 1-1: Foul Ball, location: 2F 1-2: Ground out 6-3 (Groundball, 56D, EV 103.1 MPH)
|
| Bottom of the 2nd over - 0 runs, 1 hit, 0 errors, 1 left on base; Hagerstown 0 - Kane County 0 |
| TOP OF THE 3RD |
|
Hagerstown Suns batting - Pitching for Kane County Cougars : RHP Eric Richards
|
|
Batting: RHB Scott Skoglund
|
0-0: Ball 1-0: Ball 2-0: Ball 3-0: Base on Balls
|
|
Batting: RHB Jon Metzler
|
0-0: Foul Ball, location: 2F 0-1: Ball 1-1: SINGLE (Groundball, 6, EV 94.4 MPH) Scott Skoglund to second
|
|
Batting: LHB Ben Montgomery
|
0-0: Ball 1-0: Called Strike 1-1: Ball 2-1: Foul Ball, location: 2F 2-2: Strikes out swinging
|
|
Batting: RHB Kevin Wick
|
0-0: Swinging Strike 0-1: Reached on error, E6 (Groundball, 6MS, EV 67.5 MPH) Scott Skoglund to third Jon Metzler to second
|
|
Batting: RHB Justin Slifka
|
0-0: Ball 1-0: Ball 2-0: SINGLE (Line Drive, 5D, EV 98.1 MPH) Scott Skoglund scores Jon Metzler to third Kevin Wick to second
|
|
Batting: LHB Rich Hannus
|
0-0: Ball 1-0: Called Strike 1-1: Swinging Strike 1-2: Foul Ball, location: 2F 1-2: Strikes out looking
|
|
Batting: RHB Joe Young
|
0-0: Called Strike 0-1: Foul Ball, location: 2F 0-2: Strikes out swinging
|
| Top of the 3rd over - 1 run, 2 hits, 1 error, 3 left on base; Hagerstown 1 - Kane County 0 |
| BOTTOM OF THE 3RD |
|
Kane County Cougars batting - Pitching for Hagerstown Suns : RHP Jon Baily
|
|
Batting: LHB T.J. Duvall
|
0-0: Called Strike 0-1: Ball 1-1: Ball 2-1: Fly out, F7 (Line Drive, 7, EV 103.1 MPH)
|
|
Batting: RHB Marlon Reda
|
0-0: Ball 1-0: Fly out, F6 (Popup, 6, EV 63.1 MPH)
|
|
Batting: RHB Matt Maxwell
|
0-0: Ball 1-0: Ball 2-0: Ball 3-0: Base on Balls
|
|
Batting: RHB John Pena
|
0-0: 2-RUN HOME RUN (Flyball, 7D, EV 96.9 MPH), Distance : 386 ft
|
|
Batting: RHB Jake Hodge
|
0-0: Swinging Strike 0-1: Called Strike 0-2: Ball 1-2: Foul Ball, location: 2F 1-2: Strikes out swinging
|
| Bottom of the 3rd over - 2 runs, 1 hit, 0 errors, 0 left on base; Hagerstown 1 - Kane County 2 |
| TOP OF THE 4TH |
|
Hagerstown Suns batting - Pitching for Kane County Cougars : RHP Eric Richards
|
|
Batting: RHB Tony Madrigal
|
0-0: Foul Ball, location: 2F 0-1: Ground out 5-3 (Groundball, 56, EV 93.1 MPH)
|
|
Batting: RHB Bobby Dieter
|
0-0: Fly out, F8 (Flyball, 8LD, EV 100.6 MPH)
|
|
Batting: RHB Scott Skoglund
|
0-0: Ball 1-0: Swinging Strike 1-1: Called Strike 1-2: Strikes out looking
|
| Top of the 4th over - 0 runs, 0 hits, 0 errors, 0 left on base; Hagerstown 1 - Kane County 2 |
| BOTTOM OF THE 4TH |
|
Kane County Cougars batting - Pitching for Hagerstown Suns : RHP Jon Baily
|
|
Batting: LHB Brian Nielsen
|
0-0: Ball 1-0: Called Strike 1-1: Swinging Strike 1-2: Strikes out swinging
|
|
Batting: RHB Jason Rivers
|
0-0: Ball 1-0: Called Strike 1-1: Ground out 6-3 (Groundball, 6, EV 103.1 MPH)
|
|
Batting: RHB Mike Persinger
|
0-0: Ball 1-0: SINGLE (Groundball, 5L, EV 94.4 MPH)
|
|
Batting: LHB Willie Gutierrez
|
0-0: Swinging Strike Mike Persinger steals 2nd base 0-1: Foul Ball, location: 2F 0-2: Ground out 6-3 (Groundball, 6, EV 81.9 MPH)
|
| Bottom of the 4th over - 0 runs, 1 hit, 0 errors, 1 left on base; Hagerstown 1 - Kane County 2 |
| TOP OF THE 5TH |
|
Hagerstown Suns batting - Pitching for Kane County Cougars : RHP Eric Richards
|
|
Batting: RHB Jon Metzler
|
0-0: Swinging Strike 0-1: Swinging Strike 0-2: Strikes out swinging
|
|
Batting: LHB Ben Montgomery
|
0-0: Ground out 5-3 (Groundball, 56, EV 80.6 MPH)
|
|
Batting: RHB Kevin Wick
|
0-0: Called Strike 0-1: Ball 1-1: Ball 2-1: Ball 3-1: Foul Ball, location: 2F 3-2: SINGLE (Groundball, 56D, EV 96.3 MPH)
|
|
Batting: RHB Justin Slifka
|
0-0: Ball 1-0: Hit by Pitch Kevin Wick to second
|
|
Batting: LHB Rich Hannus
|
0-0: Ball 1-0: Foul Ball, location: 2F 1-1: Called Strike 1-2: Strikes out looking
|
| Top of the 5th over - 0 runs, 1 hit, 0 errors, 2 left on base; Hagerstown 1 - Kane County 2 |
| BOTTOM OF THE 5TH |
|
Kane County Cougars batting - Pitching for Hagerstown Suns : RHP Jon Baily
|
|
Batting: LHB T.J. Duvall
|
0-0: Foul Ball, location: 2F 0-1: Ball 1-1: Foul Ball, location: 2F 1-2: SINGLE (Groundball, 5D, EV 95.6 MPH)
|
|
Batting: RHB Marlon Reda
|
0-0: Called Strike 0-1: Ball T.J. Duvall steals 2nd base 1-1: DOUBLE (Line Drive, 5D, EV 107.5 MPH) T.J. Duvall scores
|
|
Batting: RHB Matt Maxwell
|
0-0: Ball 1-0: Ball 2-0: Foul Ball, location: 2F 2-1: Swinging Strike 2-2: Ball 3-2: Base on Balls
|
|
Batting: RHB John Pena
|
0-0: Ball 1-0: Foul Ball, location: 2F 1-1: Fly out, F8 (Line Drive, 8LD, EV 102.5 MPH)
|
|
Batting: RHB Jake Hodge
|
0-0: Called Strike 0-1: Called Strike 0-2: Strikes out swinging
|
|
Batting: LHB Brian Nielsen
|
0-0: Ball 1-0: Called Strike 1-1: Ball 2-1: SINGLE (Groundball, 34D, EV 101.9 MPH) Marlon Reda to third Matt Maxwell to second
|
|
Pitching: RHP Gilberto Ricalde
|
|
|
Batting: RHB Jason Rivers
|
0-0: Ball 1-0: Ball 2-0: Called Strike 2-1: Ball 3-1: Fly out, F8 (Line Drive, 8LD, EV 88.8 MPH)
|
| Bottom of the 5th over - 1 run, 3 hits, 0 errors, 3 left on base; Hagerstown 1 - Kane County 3 |
| TOP OF THE 6TH |
|
Hagerstown Suns batting - Pitching for Kane County Cougars : RHP Eric Richards
|
|
Batting: RHB Joe Young
|
0-0: Ball 1-0: Called Strike 1-1: Foul Ball, location: 2F 1-2: Ground out 4-3 (Groundball, 4, EV 77.5 MPH)
|
|
Pitching: RHP Ming-feng Pi
|
|
|
Batting: RHB Tony Madrigal
|
0-0: Ball 1-0: Ball 2-0: Ball 3-0: Base on Balls
|
|
Batting: RHB Bobby Dieter
|
0-0: Called Strike 0-1: Ball 1-1: Ball 2-1: Swinging Strike 2-2: Fielders Choice at 2nd, 3-6 (Groundball, 34S, EV 89.4 MPH)
|
|
Batting: RHB Scott Skoglund
|
0-0: Ball 1-0: Called Strike 1-1: Ball 2-1: Fielders Choice at 2nd, 5-4 (Groundball, 56, EV 88.8 MPH)
|
| Top of the 6th over - 0 runs, 0 hits, 0 errors, 1 left on base; Hagerstown 1 - Kane County 3 |
| BOTTOM OF THE 6TH |
|
Kane County Cougars batting - Pitching for Hagerstown Suns : RHP Gilberto Ricalde
|
|
Batting: RHB Mike Persinger
|
0-0: Swinging Strike 0-1: Ball 1-1: Foul Ball, location: 2F 1-2: Foul Ball, location: 2F 1-2: Ball 2-2: Foul Ball, location: 2F 2-2: Strikes out looking
|
|
Batting: LHB Willie Gutierrez
|
0-0: Ball 1-0: Ball 2-0: Ball 3-0: Called Strike 3-1: Base on Balls
|
|
Batting: LHB T.J. Duvall
|
0-0: Ball Willie Gutierrez steals 2nd base 1-0: Called Strike 1-1: Ball Willie Gutierrez steals 3rd base (no throw) 2-1: Ball 3-1: Base on Balls
|
|
Batting: RHB Marlon Reda
|
0-0: Ball T.J. Duvall steals 2nd base 1-0: Ball 2-0: 3-RUN HOME RUN (Flyball, 9D, EV 98.8 MPH), Distance : 380 ft
|
|
Batting: RHB Matt Maxwell
|
0-0: Called Strike 0-1: Fly out, F8 (Flyball, 8RM, EV 94.4 MPH)
|
|
Batting: RHB John Pena
|
0-0: Called Strike 0-1: Foul Ball, location: 2F 0-2: Ground out 5-3 (Groundball, 56, EV 86.3 MPH)
|
| Bottom of the 6th over - 3 runs, 1 hit, 0 errors, 0 left on base; Hagerstown 1 - Kane County 6 |
| TOP OF THE 7TH |
|
Hagerstown Suns batting - Pitching for Kane County Cougars : RHP Ming-feng Pi
|
|
Batting: RHB Jon Metzler
|
0-0: Ball 1-0: Called Strike 1-1: Fly out, F8 (Line Drive, 8LM, EV 93.8 MPH)
|
|
Batting: LHB Ben Montgomery
|
0-0: Ball 1-0: Swinging Strike 1-1: Foul Ball, location: 2F 1-2: Strikes out swinging
|
|
Batting: RHB Kevin Wick
|
0-0: Ball 1-0: Ball 2-0: Ball 3-0: Called Strike 3-1: Base on Balls
|
|
Pitching: RHP Rich Garces
|
|
|
Batting: RHB Justin Slifka
|
0-0: Ball Kevin Wick steals 2nd base 1-0: Called Strike 1-1: Ball 2-1: Swinging Strike 2-2: Strikes out looking
|
| Top of the 7th over - 0 runs, 0 hits, 0 errors, 1 left on base; Hagerstown 1 - Kane County 6 |
| BOTTOM OF THE 7TH |
|
Kane County Cougars batting - Pitching for Hagerstown Suns : RHP Gilberto Ricalde
|
|
Batting: RHB Jake Hodge
|
0-0: Ball 1-0: Ball 2-0: Called Strike 2-1: Ball 3-1: Base on Balls
|
|
Pitching: RHP Jonathan Arce
|
|
|
Batting: LHB Brian Nielsen
|
0-0: SINGLE (Line Drive, 4D, EV 99.4 MPH) Jake Hodge to second Runner from 2nd tries for 3rd, SAFE, throw by CF made to third
|
|
Batting: RHB Jason Rivers
|
0-0: Called Strike 0-1: Called Strike 0-2: Ball 1-2: Fly out, F4 (Line Drive, 4, EV 63.8 MPH) Lined into DP, 4-3 (Line Drive, 4, EV 66.9 MPH)
|
|
Batting: RHB Mike Persinger
|
0-0: Called Strike 0-1: Swinging Strike 0-2: Ball 1-2: 2-RUN HOME RUN (Flyball, 78XD, EV 100.0 MPH), Distance : 405 ft
|
|
Batting: LHB Willie Gutierrez
|
0-0: Ground out 4-3 (Groundball, 34, EV 89.4 MPH)
|
| Bottom of the 7th over - 2 runs, 2 hits, 0 errors, 0 left on base; Hagerstown 1 - Kane County 8 |
| TOP OF THE 8TH |
|
Hagerstown Suns batting - Pitching for Kane County Cougars : RHP Rich Garces
|
|
Batting: LHB Rich Hannus
|
0-0: Foul Ball, location: 2F 0-1: Swinging Strike 0-2: Ball 1-2: Ground out 4-3 (Groundball, 34, EV 85.0 MPH)
|
|
Batting: RHB Joe Young
|
0-0: Ball 1-0: Ball 2-0: Ball 3-0: Called Strike 3-1: Reached on error, E5 (Groundball, 56, EV 80.0 MPH)
|
|
Batting: RHB Tony Madrigal
|
0-0: DOUBLE (Flyball, 89D, EV 96.3 MPH) Joe Young to third Runner from 3rd tries for Home, SAFE, throw by CF to trailing runner, OUT at third! 8-3-5
|
|
Batting: RHB Bobby Dieter
|
0-0: Swinging Strike 0-1: Ball 1-1: Swinging Strike 1-2: Ball 2-2: Foul Ball, location: 2F 2-2: Fly out, F9 (Flyball, 89S, EV 83.1 MPH)
|
| Top of the 8th over - 1 run, 1 hit, 1 error, 0 left on base; Hagerstown 2 - Kane County 8 |
| BOTTOM OF THE 8TH |
|
Kane County Cougars batting - Pitching for Hagerstown Suns : RHP Jonathan Arce
|
|
Batting: LHB T.J. Duvall
|
0-0: Ball 1-0: Ball 2-0: Foul Ball, location: 2F 2-1: Swinging Strike 2-2: Ball 3-2: Base on Balls
|
|
Batting: RHB Marlon Reda
|
0-0: SINGLE (Groundball, 34D, EV 95.6 MPH) T.J. Duvall to second Runner from 2nd tries for 3rd, SAFE, throw by RF made to third Marlon Reda to second
|
|
Batting: RHB Matt Maxwell
|
0-0: Ball 1-0: Ball 2-0: Foul Ball, location: 2F 2-1: DOUBLE (Groundball, 5L, EV 96.3 MPH) T.J. Duvall scores Marlon Reda scores
|
|
Pitching: RHP Fernando Fierros
|
|
|
Batting: RHB John Pena
|
0-0: Swinging Strike 0-1: SINGLE (Line Drive, 9LS, EV 91.9 MPH) Matt Maxwell to third
|
|
Batting: RHB Jake Hodge
|
0-0: Ball 1-0: SINGLE (Groundball, 6MD, EV 101.3 MPH) Matt Maxwell scores John Pena to second
|
|
Batting: LHB Brian Nielsen
|
0-0: Grounds into double play, 4-6-3 (Groundball, 4, EV 104.4 MPH) John Pena to third
|
|
Batting: RHB Jason Rivers
|
0-0: Ball 1-0: Foul Ball, location: 2F 1-1: Called Strike 1-2: Ball 2-2: Ball 3-2: Strikes out swinging
|
| Bottom of the 8th over - 3 runs, 4 hits, 0 errors, 1 left on base; Hagerstown 2 - Kane County 11 |
| TOP OF THE 9TH |
|
Hagerstown Suns batting - Pitching for Kane County Cougars : RHP Rich Garces
|
|
Batting: RHB Scott Skoglund
|
0-0: Foul Ball, location: 2F 0-1: Swinging Strike 0-2: SINGLE (Groundball, 56D, EV 99.4 MPH)
|
|
Pitching: LHP Yorihiko Honda
|
|
|
Batting: RHB Jon Metzler
|
0-0: Ball 1-0: Foul Ball, location: 2F 1-1: Foul Ball, location: 2F 1-2: Fielders Choice at 2nd, 6-4 (Groundball, 6, EV 103.1 MPH)
|
|
Pinch Hitting: RHB Josh Courtney
|
0-0: Ball 1-0: Foul Ball, location: 2F 1-1: Fly out, F3 (Flyball, 3D, EV 89.4 MPH)
|
|
Batting: RHB Kevin Wick
|
0-0: Ball 1-0: Foul Ball, location: 2F 1-1: Called Strike 1-2: Ball 2-2: Ball 3-2: Foul Ball, location: 2F 3-2: Strikes out swinging
|
| Top of the 9th over - 0 runs, 1 hit, 0 errors, 1 left on base; Hagerstown 2 - Kane County 11 |
|